 Dungeon Crawl Stone Soup version 0.25-a0-719-gde951dce62 (webtiles) character file.

Game seed: 793473463352596517, levelgen mode: deterministic

7037 15rune the Brawler (level 11, -8/92 HPs)
             Began as a Ghoul Gladiator on Apr 6, 2020.
             Was an Elder of Trog.
             Mangled by a black mamba (10 damage)
             ... on level 2 of the Lair of Beasts.
             The game lasted 00:22:03 (7988 turns).

15rune the Brawler (Ghoul Gladiator)                Turns: 7988, Time: 00:22:04

Health: -8/92      AC:  7    Str: 22    XL:     11   Next: 9%
Magic:  0/19       EV:  9    Int:  3    God:    Trog [****..]
Gold:   633        SH: 10    Dex: 10    Spells: 10/10 levels left

rFire    . . .     SeeInvis .     - Unarmed
rCold    + . .     Gourm    .   J - +2 kite shield
rNeg     + + +     Faith    .   a - +0 leather armour
rPois    ∞         Spirit   +   b - +0 helmet
rElec    .         Reflect  .   (no cloak)
rCorr    .         Harm     .   (no gloves)
MR       .....                  G - +2 pair of boots
Stlth    ++........             x - amulet of guardian spirit
HPRegen  0.00/turn              h - ring of magical power
MPRegen  0.16/turn              (no ring)

@: rotting
A: rotting body, claws 1, carnivore, cold resistance 1, negative energy
resistance 3, inhibited regeneration, torment resistance, unbreathing
a: Trog's Hand, Brothers in Arms, Renounce Religion


You were on level 2 of the Lair of Beasts.
You worshipped Trog.
Trog was greatly pleased with you.
You were not hungry.

You visited 3 branches of the dungeon, and saw 14 of its levels.
You also visited: Ossuary.

You collected 633 gold pieces.

Inventory:

Missiles
 c - 3 throwing nets (quivered)
Armour
 a - a +0 leather armour (worn)
 b - a +0 helmet (worn)
 G - a +2 pair of boots (worn)
 J - a +2 kite shield (worn)
Jewellery
 h - a ring of magical power (left claw)
 x - an amulet of guardian spirit (around neck)
Wands
 f - a wand of iceblast (15)
 i - a wand of acid (7)
 u - a wand of flame (22)
 y - a wand of scattershot (4)
 F - a wand of digging (5)
 I - a wand of random effects (24)
Scrolls
 j - a scroll of amnesia {unknown}
 k - 5 scrolls of remove curse
 n - 2 scrolls of noise
 o - 5 scrolls of teleportation
 r - 3 scrolls of enchant armour
 w - a scroll of enchant weapon {unknown}
 B - a scroll of fog
 C - a scroll of torment {unknown}
 E - a scroll of magic mapping {unknown}
 H - 2 scrolls of blinking {unknown}
Potions
 e - 2 potions of stabbing
 g - 3 potions of resistance
 l - a potion of mutation {unknown}
 m - 6 potions of curing
 p - 2 potions of heal wounds {unknown}
 q - 3 potions of haste
 s - 3 potions of brilliance
 t - 2 potions of invisibility {unknown}
 v - 2 potions of flight
 z - a potion of might {unknown}
 A - a potion of ambrosia {unknown}
 D - a potion of cancellation {unknown}
Comestibles
 d - 18 rations
 K - 4 chunks of flesh


   Skills:
 + Level 7.3 Fighting
 - Level 1.7 Throwing
 - Level 2.6 Dodging
 - Level 5.0 Stealth
 + Level 1.3 Shields
 + Level 15.4 Unarmed Combat


You had 10 spell levels left.
You didn't know any spells.
Your spell library contained the following spells:

 Spells                   Type           Power        Failure   Level  Hunger
 Animate Skeleton         Necr           N/A          99%         1    ##.....
 Apportation              Tloc           #.....       99%         1    ##.....
 Corona                   Hex            #......      99%         1    ##.....
 Summon Small Mammal      Summ           #...         99%         1    ##.....


Dungeon Overview and Level Annotations

Branches:
Dungeon (11/15)            Temple (1/1) D:7            Lair (2/6) D:8
    Orc (0/2) D:10        Ossuary (visited)
  Swamp: Lair:2-4    Shoals: Lair:2-4     Snake: Lair:2-4    Spider: Lair:2-4

Altars:
Ashenzari
Cheibriados
Dithmenos
Elyvilon
Fedhas
Gozag
Hepliaklqana
Kikubaaqudgha
Makhleb
Nemelex Xobeh
Okawaru
Qazlal
Ru
Sif Muna
Trog
Uskayaw
Vehumet
Wu Jian
Xom
Yredelemnul
Zin
The Shining One

Shops:
D:4 (

Annotations:
D:10 Gastronok
Lair:1 exclusion: 2 oklob plants


Innate Abilities, Weirdness & Mutations

Your body is rotting away.
You thrive on raw meat.
You are immune to poison.
You have sharp fingernails.
You are carnivorous and can eat meat at any time.
Your flesh is cold resistant. (rC+)
You are immune to negative energy. (rN+++)
You do not regenerate when monsters are visible.
You are immune to unholy pain and torment.
You can survive without breathing.


Message History

Okay, then.
Eat one of 5 chunks of flesh? (ye/n/q)
You eat one of the 5 chunks of flesh.
This raw flesh tastes great!
The black mamba bites you!
* * * LOW HITPOINT WARNING * * *
The wolf bites you but does no damage.
Your black bear bites the wolf!
The wolf dies!
Trog accepts your kill. The spiny frog barely misses you.
The black mamba closely misses you.
A water moccasin comes into view.
Your black bear closely misses the black mamba.
Your black bear claws the black mamba.
Your black bear completely misses the black mamba.
The black mamba bites you!
* * * LOW HITPOINT WARNING * * *
Your black bear bites the black mamba but does no damage.
Your black bear claws the black mamba but does no damage.
Your black bear claws the black mamba.
You block the spiny frog's attack. The black mamba bites you!
You die...

.... .. .. ≈≈≈≈
....##.♣.##≈≈≈≈≈
#....#.#.#.≈≈≈≈≈
...........≈≈≈≈
#.........≈≈≈≈
.#.........≈#
...........≈#
##.....@...≈#
#.....hSF..≈###
#......F...≈≈≈≈≈
#..........≈≈≈≈≈
##..............
................
............l...
≈.......S.......
≈...............


You could see a black mamba, 2 spiny frogs, a basilisk, a water moccasin and a
friendly black bear (berserk).

Vanquished Creatures
  Erica (Lair:1)
  A black mamba (Lair:1)
  A centaur skeleton (D:10)
  2 hippogriffs
  Sigmund (D:3)
  A spriggan (D:7)
  A wyvern (Lair:1)
  Eustachio (D:5)
  A basilisk (Lair:1)
  A steam dragon (D:8)
  3 water moccasins
  2 porcupines (Lair:1)
  2 orc warriors
  A hornet zombie (D:9)
  3 ice beasts
  4 phantoms
  A black bear (D:9)
  A necrophage (D:9)
  4 ogres
  An eye of draining (D:9)
  3 sky beasts
  A centaur (D:6)
  2 crocodiles (Lair:1)
  An elf zombie (Ossuary)
  6 bullfrogs
  A scorpion (D:5)
  3 wights (D:10)
  3 howler monkeys
  4 crimson imps
  A bullfrog zombie (D:7)
  5 jellies
  4 hounds
  2 human zombies (Ossuary)
  2 orc priests
  Jessica (D:3)
  4 iguanas
  3 worker ants
  2 orc wizards
  2 big kobold zombies (Ossuary)
  2 hound skeletons
  4 mummies (Ossuary)
  A howler monkey zombie (D:8)
  2 worker ant zombies
  Robin (D:4)
  14 adders
  4 shadow imps
  An ooze (D:2)
  An adder zombie (Ossuary)
  3 leopard geckos
  25 orcs
  5 giant cockroaches
  13 goblins
  4 hobgoblins
  10 jackals
  4 kobolds
  2 quokkas
  A ball python (D:3)
  3 bats
  4 frilled lizards
  A giant cockroach zombie (D:6)
  2 hobgoblin zombies (Ossuary)
  A jackal skeleton (D:8)
  A jackal zombie (Ossuary)
  A kobold zombie (Ossuary)
  A leopard gecko skeleton (D:6)
  10 rats
  2 rat zombies (Ossuary)
206 creatures vanquished.

Vanquished Creatures (collateral kills)
  A wolf (Lair:2)
1 creature vanquished.

Vanquished Creatures (others)
  3 fungi (Lair:1)
  3 plants (Lair:1)
6 creatures vanquished.

Grand Total: 213 creatures vanquished

Notes
Turn   | Place    | Note
-------+----------+-------------------------------------------
     0 | D:1      | 15rune the Ghoul Gladiator began the quest for the Orb.
     0 | D:1      | Reached XP level 1. HP: 17/17 MP: 0/0
   102 | D:1      | Reached XP level 2. HP: 7/25 MP: 1/1
   532 | D:2      | Reached skill level 4 in Unarmed Combat
   543 | D:2      | Found a bloodstained altar of Trog.
   631 | D:2      | Became a worshipper of Trog the Wrathful
   710 | D:2      | Reached XP level 3. HP: 27/30 MP: 2/2
   952 | D:2      | Reached XP level 4. HP: 38/38 MP: 3/3
  1347 | D:3      | Reached skill level 5 in Unarmed Combat
  1396 | D:3      | Noticed Jessica
  1400 | D:3      | Killed Jessica
  1498 | D:3      | Noticed Sigmund
  1529 | D:3      | Killed Sigmund
  1529 | D:3      | Reached skill level 6 in Unarmed Combat
  1529 | D:3      | Reached XP level 5. HP: 26/46 MP: 4/4
  1529 | D:3      | Reached XP level 6. HP: 29/52 MP: 5/5
  1755 | D:3      | Found a hide-covered altar of Uskayaw.
  2218 | D:4      | Reached * piety under Trog
  2219 | D:4      | Noticed Robin
  2227 | D:4      | Killed Robin
  2510 | D:4      | Reached skill level 7 in Unarmed Combat
  2658 | D:4      | Found a sacrificial altar of Ru.
  2717 | D:4      | Reached skill level 5 in Fighting
  2717 | D:4      | Reached XP level 7. HP: 49/61 MP: 6/6
  2758 | D:4      | Reached skill level 8 in Unarmed Combat
  2896 | D:4      | Found Reudys's Weapon Shop.
  2960 | D:5      | Entered Level 5 of the Dungeon
  2980 | D:5      | Found a bloodstained altar of Trog.
  3034 | D:5      | Noticed Eustachio
  3057 | D:5      | Killed Eustachio
  3057 | D:5      | Reached ** piety under Trog
  3057 | D:5      | Reached skill level 9 in Unarmed Combat
  3057 | D:5      | Reached XP level 8. HP: 50/68 MP: 7/7
  3110 | D:5      | Found a shimmering blue altar of Sif Muna.
  3302 | D:5      | Reached skill level 10 in Unarmed Combat
  3364 | D:6      | Reached skill level 1 in Stealth
  3738 | D:6      | Found an opulent altar of Gozag.
  3876 | D:6      | Reached XP level 9. HP: 64/75 MP: 0/8
  4127 | D:6      | Reached skill level 11 in Unarmed Combat
  4327 | D:7      | Found a sand-covered staircase.
  4359 | Ossuary  | Entered an ossuary
  4450 | Ossuary  | Reached *** piety under Trog
  4915 | D:7      | Found a radiant altar of Vehumet.
  4988 | D:7      | Found a staircase to the Ecumenical Temple.
  5265 | D:7      | Found a hazy altar of Hepliaklqana.
  5647 | Temple   | Entered the Ecumenical Temple
  5746 | D:8      | Reached skill level 5 in Stealth
  5764 | D:8      | Reached skill level 12 in Unarmed Combat
  5773 | D:8      | You fall into a shaft and drop 3 floors!
  5930 | D:10     | Entered Level 10 of the Dungeon
  5948 | D:10     | Reached XP level 10. HP: 67/86 MP: 9/9
  6278 | D:9      | Reached skill level 13 in Unarmed Combat
  6347 | D:10     | Found a staircase to the Orcish Mines.
  6385 | D:10     | Reached **** piety under Trog
  6530 | D:9      | Found a shimmering altar of Xom.
  6640 | D:10     | Noticed Gastronok
  6643 | D:10     | Noticed a two-headed ogre
  6946 | D:9      | Found a stormy altar of Qazlal.
  6952 | D:9      | Reached skill level 14 in Unarmed Combat
  7254 | D:8      | Found a burning altar of Makhleb.
  7255 | D:8      | Noticed a cacodemon
  7274 | D:8      | Found a glowing silver altar of Zin.
  7274 | D:8      | Noticed an angel
  7558 | D:8      | Found a staircase to the Lair.
  7660 | Lair:1   | Entered Level 1 of the Lair of Beasts
  7854 | Lair:1   | Noticed Erica
  7887 | Lair:1   | Killed Erica
  7887 | Lair:1   | Reached skill level 15 in Unarmed Combat
  7887 | Lair:1   | Reached XP level 11. HP: 78/92 MP: 10/10
  7933 | Lair:1   | Noticed an oklob plant
  7934 | Lair:1   | Noticed an oklob plant
  7942 | Lair:1   | Reached skill level 1 in Shields
  7988 | Lair:2   | HP: 2/92 [black mamba (7)]
  7988 | Lair:2   | Mangled by a black mamba

Levels and vault maps discovered:
D:1:      dpeg_arrival_shelter, layout_rooms
D:2:      layout_basic, nicolae_overflow_crystal_walls, first_ration
D:3:      layout_basic, lemuel_doored_altar, uniq_jessica, uniq_sigmund
D:4:      layout_loops_ring, marbit_many_paths, serial_shops,
          kennysheep_little_box, grunt_decor_resistance, uniq_robin
D:5:      layout_rooms, nicolae_overflow_hidden_temple, basic_altar,
          grunt_ministairs_3, uniq_eustachio
D:6:      layout_basic, old_standard_altar
D:7:      layout_cave_pods, lemuel_crystal_altar, vehumet_crystals,
          minmay_temple_entry_glassed_door, enter_ossuary_5, the_bakery
D:8:      layout_basic, grunt_temple_overflow_order_and_chaos_2,
          lair_entry_dummy, nemelex_spade_bored_becter
D:9:      layout_grid_maze, old_standard_altar, basic_altar
D:10:     layout_big_octagon, david_orc_3, serial_column_ruins,
          column_ruins_open_tiny, column_ruins_open_tiny, column_ruins_grid_1,
          column_ruins_open_small, column_ruins_columns_dead_end,
          column_ruins_corridor_straight, kennysheep_cluttered_room,
          uniq_gastronok
D:11:     layout_roguey, basic_altar
Temple:   nicolae_temple_x_marks_the_god
Lair:1:   layout_cave_pods, chequers_serial_rivers_small_b,
          minmay_lair_oklob_chamber, infiniplex_staircase_pool_2,
          lemuel_fruit_fields, grunt_megastairs_4, serial_bayou_shore_b,
          uniq_erica, uniq_urug, uniq_joseph
Lair:2:   layout_gridlike, grunt_megastairs_2

Skill      XL: |  1  2  3  4  5  6  7  8  9 10 11 |
---------------+----------------------------------+-----
Unarmed Combat | 4 6 7 9 10 12 15 | 15.4
Fighting       | 3 4 5 6 7 |  7.3
Stealth        | 3 5 |  5.0
Shields        | 1 |  1.3
Throwing       | |  1.7
Dodging        | |  2.6

Action                   |  1- 3 |  4- 6 |  7- 9 | 10-12 || total
-------------------------+-------+-------+-------+-------++-------
Melee: Unarmed           |    91 |   142 |   287 |   245 ||   765
       Punch             |     1 |     4 |    23 |    12 ||    40
Throw: Throwing net      |       |     2 |       |       ||     2
Invok: Trog's Hand       |       |       |       |     2 ||     2
       Brothers in Arms  |       |       |       |     1 ||     1
  Use: Scroll            |       |       |    12 |     3 ||    15
 Stab: Sleeping          |       |       |     4 |     6 ||    10
  Eat: Chunk             |     6 |    11 |    14 |    30 ||    61
       Ration            |       |     1 |     5 |       ||     6
Armor: Leather armour    |    30 |    19 |    54 |    60 ||   163
Dodge: Dodged            |    83 |    80 |   174 |   146 ||   483
Block: Kite shield       |       |       |       |    43 ||    43

Table legend:
 A = Non-vault XP
 B = Vault XP
 C = Vault XP percentage of total XP
 D = Non-vault monster count
 E = Vault monster count
 F = Vault count percentage of total count
                 A         B        C        D         E       F
            +---------+---------+-------+---------+---------+-------
      Total |    7309 |    2745 |  27.3 |     169 |      38 |  18.4
            +---------+---------+-------+---------+---------+-------
        D:1 |      21 |       0 |   0.0 |      13 |       0 |   0.0
        D:2 |      80 |       0 |   0.0 |      18 |       0 |   0.0
        D:3 |      26 |     264 |  91.0 |      10 |       2 |  16.7
        D:4 |     674 |      28 |   4.0 |      22 |       8 |  26.7
        D:5 |     286 |     211 |  42.5 |       7 |       4 |  36.4
        D:6 |    1001 |       0 |   0.0 |      20 |       0 |   0.0
        D:7 |     628 |     224 |  26.3 |      19 |       1 |   5.0
        D:8 |    1176 |       0 |   0.0 |      16 |       0 |   0.0
        D:9 |    1106 |       0 |   0.0 |      20 |       0 |   0.0
       D:10 |    1296 |      39 |   2.9 |      17 |       3 |  15.0
     Lair:1 |    1015 |    1558 |  60.6 |       7 |       3 |  30.0
     Lair:2 |       0 |     102 | 100.0 |       0 |       1 | 100.0
    Ossuary |       0 |     319 | 100.0 |       0 |      16 | 100.0
            +---------+---------+-------+---------+---------+-------
